[Event "DFMM-LV 2023"]
[Site "Braunfels"]
[Date "2023.06.09"]
[Round "2.9"]
[White "Koehler, Inken"]
[Black "Li, Zhuoling"]
[Result "1/2-1/2"]
[Annotator "TA"]
[ECO "A34"]
[WhiteElo "2008"]
[BlackElo "2216"]
[PlyCount "95"]
[EventDate "2023.06.09"]
[EventType "team-tourn"]
[EventCountry "GER"]
[SourceTitle "playchess.com"]
[Source "ChessBase"]
[SourceQuality "1"]
[TimeControl "40/5400+30:1800+30"]

1. c4 Nf6 2. Nc3 d5 3. cxd5 Nxd5 4. g3 c5 5. Bg2 Nc7 6. d3 e5 7. Qb3 Nc6 {[%emt 0:03:30] A34: Symmetrical English: 2 Nc3, lines with ...d5.} 8. Nf3 Be7 9. Ne4 Ne6 {[%emt 0:03:35] [#] Black is slightly better.} 10. Be3 $146 ({Predecessor:} 10. Qc3 f5 11. Ned2 Bf6 12. Qb3 O-O 13. O-O Kh8 14. Nc4 Rb8 15. e3 e4 16. dxe4 fxe4 {0-1 Puls,G-Fiensch,G DDR-ch M611 corr 1978}) 10... f5 11. Nc3 f4 12. Bd2 Ned4 13. Nxd4 Nxd4 14. Qd1 O-O 15. Bd5+ Kh8 $1 16. e3 fxe3 17. fxe3 Be6 (17... Qd6 $17 {[%cal Od6f6] Strongly threatening ...Qf6!} 18. Bg2 (18. exd4 cxd4 19. Be4 dxc3 $17) 18... Nc6) 18. Bxe6 $11 Nxe6 19. Qe2 b5 20. O-O-O $2 (20. Rf1 $1 $15) 20... b4 $1 $19 21. Ne4 {[%emt 0:00:19] [#]} Qd5 $1 22. b3 $2 (22. Kb1 {is the only way for White.}) 22... a5 23. Kb2 a4 {[%emt 0:00:59] aiming for ...axb3.} 24. Ra1 Rfb8 25. Rhc1 axb3 26. axb3 Ra3 27. Rc4 (27. Rxa3 {was necessary.} Nd4 28. exd4 bxa3+ 29. Ka1 Qxb3 30. Bc3 (30. dxc5 $2 Qb2#) 30... cxd4 31. Qd1 Qxd1 32. Rxd1 dxc3 33. Nxc3) 27... Rxa1 28. Kxa1 Qa8+ 29. Kb1 Qa3 30. Bc1 Qxb3+ 31. Bb2 Rd8 ({Inferior is} 31... Ra8 32. Nd2 Qa4 33. Kc1) 32. Nf2 {[%emt 0:01:24] [#]} Nc7 $2 (32... Ra8 $1 $19 {...Qa2+ would be deadly.} 33. h4 Nf8) 33. Qc2 $11 Qxc2+ 34. Kxc2 Rf8 35. Ng4 Nd5 {[%emt 0:00:18][%cal Bc7d5,Bd5f6,Bf6g4,Bg4e3,Be3f1][%mdl 32] White must now prevent ...h5.} 36. Re4 Nf6 37. Rxe5 Bd6 38. Re6 Nxg4 39. Rxd6 Nxe3+ {[%emt 0:00:06][%mdl 4096] Endgame KRB-KRN} ({Don't take} 39... Nxh2 40. Rd7 Rf2+ 41. Kb3 $14) 40. Kb3 Nf1 41. Rd7 Rg8 (41... Nxh2 $2 42. Bxg7+ Kg8 43. Bxf8 Kxf8 44. Rxh7 $18) (41... Nd2+ $2 42. Kc2 Rg8 43. Kxd2 $18) 42. Kc4 Nxh2 43. Kxc5 Nf1 44. Be5 b3 45. Kb4 {[%emt 0:00:00][%mdl 1024] White has compensation.} Nd2 46. Rf7 {[%emt 0:00:00] Hoping for Kc3.} h6 47. Kc3 Re8 {[%emt 0:00:00] Threatens to win with ...b2.} 48. Bd4 {[%emt 0:04:53] White happily takes the draw.   Weighted Error Value: White=0.25 (precise) /Black=0.23 (precise)} (48. Bxg7+ $5 Kg8 49. Rd7 $16) 1/2-1/2

[Event "DFMM-LV 2023"]
[Site "Braunfels"]
[Date "2023.06.09"]
[Round "2.10"]
[White "Meier, Annemarie"]
[Black "Kopylov, Luba"]
[Result "1/2-1/2"]
[Annotator "TA"]
[ECO "D95"]
[WhiteElo "2258"]
[BlackElo "1993"]
[PlyCount "48"]
[EventDate "2023.06.09"]
[EventType "team-tourn"]
[EventCountry "GER"]
[SourceTitle "playchess.com"]
[Source "ChessBase"]
[SourceQuality "1"]
[TimeControl "40/5400+30:1800+30"]

1. d4 d5 2. c4 c6 3. Nc3 Nf6 4. e3 g6 5. Qb3 Bg7 6. Nf3 O-O 7. Bd2 dxc4 8. Bxc4 b5 9. Be2 Be6 10. Qc2 {[%emt 0:00:58] D95: Grünfeld: 4 Nf3 Bg7 5 e3 0-0 6 Qb3.} a5 11. O-O Na6 12. Ng5 ({White should try} 12. Rfc1 $16) 12... Bf5 13. e4 {[%emt 0:02:54] [#]} Bg4 $146 ({Predecessor:} 13... Nb4 14. Qd1 Bc8 15. a3 Na6 16. e5 Nd5 17. Nxd5 Qxd5 18. Bxa5 f6 19. Bf3 Qd7 {1-0 Lebredo Zaragoitia,G (2203)-Coutinho,S (2106) Brasilia-ch 52nd 2012 (3)}) 14. Bxg4 Nxg4 {[%emt 0:00:07] The position is equal.} 15. h3 Nb4 16. Qb1 Ne5 (16... Qxd4 $2 17. Nf3 Qd3 18. hxg4 $18) 17. Rd1 Nc4 {[%emt 0:02:48] [#] Strongly threatening ...e5.} 18. Bf4 Qb6 19. Nf3 (19. a3 {is interesting.} Bxd4 20. axb4 Bxf2+ 21. Kh1) 19... a4 20. a3 Na6 21. b3 (21. Qc2 $5 ) 21... axb3 22. Qxb3 Na5 23. Qb1 Nc4 24. Qb3 Qd8 {[%emt 0:09:45] Weighted Error Value: White=0.11 (very precise) /Black=0.10 (very precise)} 1/2-1/2

[Event "DFMM-LV 2023"]
[Site "Braunfels"]
[Date "2023.06.09"]
[Round "2.11"]
[White "Braeutigam, Katerina"]
[Black "Kostak, Tetyana"]
[Result "0-1"]
[Annotator "TA"]
[ECO "B00"]
[WhiteElo "1957"]
[BlackElo "2117"]
[PlyCount "58"]
[EventDate "2023.06.09"]
[EventType "team-tourn"]
[EventCountry "GER"]
[SourceTitle "playchess.com"]
[Source "ChessBase"]
[SourceQuality "1"]
[TimeControl "40/5400+30:1800+30"]

1. e4 Nc6 2. d4 d5 3. e5 Bf5 4. Nf3 Nb4 5. Na3 e6 6. c3 {[%emt 0:02:31] [#] B00: Queen's Fianchetto Defence, Nimzowitsch Defence.} Na6 $146 ({Predecessor:} 6... Nc6 7. Nc2 Be7 8. Bd3 Bg6 9. O-O Nh6 10. h3 Qd7 11. Bg5 Bxg5 12. Nxg5 Nf5 {1-0 Guri,A (1474)-Radaca,N (1697) EU-ch U12 Bratislava 2019 (9)}) 7. Bxa6 bxa6 8. Qa4+ {[%emt 0:01:40] White is slightly better.} Qd7 9. Qxa6 c6 10. O-O Be7 11. Nb1 Bd8 12. Nbd2 Nh6 13. Nb3 O-O 14. Nc5 Qe8 15. h3 Kh8 16. a4 f6 (16... Be7 $142 17. Re1 Ng8) 17. Qb7 (17. exf6 $18 Bxf6 18. Re1) 17... Bb6 $16 {[%emt 0:00:23] Black is weak on the dark squares} 18. exf6 Rf7 19. Qa6 {[%emt 0:02:19] fxg7+ would be deadly.} Rxf6 20. Ne5 Bxc5 21. dxc5 {[%emt 0:00:36] Hoping for Bxh6.} Qh5 ({Better is} 21... Nf7 22. Nxf7+ (22. Nxc6 $2 e5 $19) 22... Rxf7) 22. f4 (22. Nxc6 $2 {loses.} Bxh3 23. Qd3 (23. gxh3 {gets mated.} Rg6+ 24. Kh2 Ng4+ 25. Kg3 Ne5+ 26. Kh2 Nf3+ {[%mdl 64] Deflection} 27. Kh1 Qxh3#) (23. Qb7 {is a self mate.} Qg4 24. g3 Qf3 25. Qxa8+ Ng8) 23... Rg6 $19) ({White should play} 22. Re1 $16) 22... Be4 {[%emt 0:03:52] [#]} ({Black should try} 22... Nf7 $1 $14) 23. Qxc6 (23. Rf2 $1 $18) 23... Raf8 {[%emt 0:00:09][%cal Oh5e5] [#]} 24. Bd2 $1 {[%emt 0:00:55] Strongly threatening Rae1.} Nf5 25. Nd7 $4 {[%emt 0:00:53][%mdl 8192] [#]} (25. Qb5 $18) 25... Rg6 $1 {[%emt 0:03:11][%csl LRg2,LRh3] Black mates.} 26. Rf2 {[%emt 0:01:54] [#]} Qxh3 $1 27. Bc1 {[%emt 0:00:56] [#]} (27. Qa6 Bxg2) 27... Bxg2 $1 28. Rd2 (28. Re2 Qh1+) 28... Be4+ 29. Kf2 Rg2+ {[%emt 0:00:11] What a bad dream for White. Beautiful play by Kostak!   Weighted Error Value: White=0.39/Black=0.19 (very precise)} 0-1

[Event "DFMM-LV 2023"]
[Site "Braunfels"]
[Date "2023.06.09"]
[Round "2.12"]
[White "Valkova, Angelika"]
[Black "Braeutigam, Irina"]
[Result "0-1"]
[Annotator "TA"]
[ECO "A42"]
[WhiteElo "2062"]
[BlackElo "2007"]
[PlyCount "80"]
[EventDate "2023.06.09"]
[EventType "team-tourn"]
[EventCountry "GER"]
[SourceTitle "playchess.com"]
[Source "ChessBase"]
[SourceQuality "1"]
[TimeControl "40/5400+30:1800+30"]

1. d4 d6 2. c4 g6 3. e4 Bg7 4. Nc3 Nd7 5. h4 h6 (5... c5 $11 {remains equal.}) 6. Be3 {[%emt 0:07:34] A42: Modern Defence: Averbakh Variation.} c6 {[%emt 0:09:31] [#]} 7. g4 $146 (7. h5 $16) ({Predecessor:} 7. h5 g5 8. Nge2 Ngf6 9. f3 a6 10. Qd2 b5 11. Ng3 e6 12. O-O-O bxc4 13. Bxc4 d5 {0-1 Pert,R (2416)-Muromtsev,A (2161) Titled Tuesday intern op 15th Sept blitz 2020 (4)}) 7... Qa5 8. f3 {[%emt 0:14:06] White is slightly better.} a6 9. Rb1 Qc7 10. h5 g5 $1 11. Nge2 e6 12. Qd2 Ne7 13. b4 f5 (13... c5 $11) 14. gxf5 $14 exf5 15. f4 $1 $36 {[%emt 0:01:00][%cal Bf3f4,Bf4g5,Bg5h6][%mdl 2080] White has strong initiative.} Nb6 16. Ng3 $1 fxe4 17. fxg5 d5 $2 {[%emt 0:03:35] [#]} (17... Nf5 $16 18. Nxf5 (18. Ngxe4 d5 $14) 18... Bxf5) 18. Bf4 $18 Qd8 19. gxh6 Bf6 20. c5 Nd7 (20... Bf5 {was called for.} 21. cxb6 Qxb6) 21. Bh3 $2 (21. Ngxe4 $18 {is more deadly. aiming for Nd6+.} dxe4 22. Nxe4) 21... Nf8 $16 {[%emt 0:00:32] And now ...Bxh3 would win.} 22. Bxc8 (22. Ngxe4 $16 dxe4 23. Nxe4 Bh4+ 24. Kd1 (24. Ke2 Bxh3 25. Rxh3 Nd5 $16) 24... Bxh3 25. Rxh3) 22... Qxc8 $11 23. Na4 $2 {[%emt 0:00:24] [#] Black keeps a firm grip on the game.} (23. Rg1 $11) 23... Qg4 $1 $19 24. Nb6 (24. Bd6 $142 Ne6 25. Qd1 (25. Nb6 $2 Rd8 $19)) 24... Rd8 25. Ne2 Ne6 26. Rg1 $2 (26. Qe3 {only move.}) 26... Qxh5 27. Rb3 Nf5 28. Be5 Bxe5 29. dxe5 Qxh6 30. Qxh6 Rxh6 (30... Nxh6 $2 {too greedy.} 31. Rh3 Ke7 32. Rgh1 $19) 31. a4 a5 32. Ng3 (32. bxa5 $142 Nxc5 33. Rc3 Nd3+ 34. Rxd3 exd3 35. Nf4) 32... Nfd4 33. Re3 Nc2+ 34. Kd2 Nxe3 35. Kxe3 Rg6 36. Kf2 axb4 37. Nxe4 Rxg1 38. Nf6+ Kf7 {[%emt 0:00:23] Black mates.} 39. Kxg1 Nxc5 40. Kf2 b3 {[%emt 0:00:33] An entertaining game by Braeutigam.   Weighted Error Value: White=1.03/Black=0.33} 0-1

[Event "DFMM-LV 2023"]
[Site "Braunfels"]
[Date "2023.06.09"]
[Round "2.13"]
[White "Gressmann, Hanna"]
[Black "Gheng, Simona"]
[Result "1-0"]
[Annotator "TA"]
[ECO "B22"]
[WhiteElo "1933"]
[BlackElo "1918"]
[PlyCount "83"]
[EventDate "2023.06.09"]
[EventType "team-tourn"]
[EventCountry "GER"]
[SourceTitle "playchess.com"]
[Source "ChessBase"]
[SourceQuality "1"]
[TimeControl "40/5400+30:1800+30"]

1. e4 c5 2. c3 d6 3. d4 cxd4 4. cxd4 g6 5. Nf3 Bg7 6. Nc3 Nc6 7. h3 {[%emt 0:04:44] B22: Sicilian: 2 c3.} a6 8. Be2 (8. d5 $5 Ne5 9. Nxe5 dxe5 10. Be3 $14) 8... Nf6 9. a4 ({Better is} 9. d5 $14 Na5 10. Be3) 9... b6 (9... d5 $11) 10. O-O O-O 11. d5 {[%emt 0:01:33] [#]} Ne5 $146 (11... Nb4 $14 {feels stronger.}) ({Predecessor:} 11... Na5 12. Be3 Nd7 13. Nd4 Ne5 14. b3 Nb7 15. Rc1 Qe8 16. f4 Nd7 17. Nc6 Nd8 {1-0 Rico,A-Palacios,A (2320) Seville op 1993}) 12. Nxe5 $16 dxe5 13. Bc4 Qc7 14. Qe2 $36 {[%emt 0:04:14][%mdl 2048] White fights for an advantage.} Ne8 15. Be3 Nd6 16. Bd3 {[%emt 0:01:03] White is more active.} Bd7 (16... f5 $14) 17. Bxa6 $18 f5 18. Bb5 Rab8 19. Bxd7 Qxd7 20. f3 Rfc8 21. Rac1 h5 (21... b5 $16) 22. Bf2 Kh7 (22... fxe4 $16 23. fxe4 (23. Nxe4 Qxa4 24. Qd3 Qb5 $16) 23... Rc4) 23. Rfd1 Bh6 24. Rc2 b5 (24... fxe4 $16 25. fxe4 (25. Nxe4 Qxa4 26. Rxc8 Rxc8 $16) 25... Rc4) 25. axb5 {[%emt 0:03:21] b6 would be deadly.} Nxb5 $2 {[%emt 0:00:11][%mdl 8192] This move loses the game for Black.} (25... fxe4 $16 {is a better defense.} 26. Nxe4 Rxc2 27. Qxc2 Qxb5) 26. Nxb5 Rxc2 27. Qxc2 Qxb5 28. exf5 Qxb2 (28... Qb3 $142 29. fxg6+ Kh8) 29. fxg6+ Kg7 30. Qf5 Rf8 {[%emt 0:02:41] Against Qf7+} 31. Qe6 {[%emt 0:01:47] [#] aiming for Bg3.} Bg5 32. Bg3 Bf6 33. Re1 Qd2 34. Rxe5 Qd4+ $2 (34... Qh6 35. Re4 Qxg6) 35. Re3 Kxg6 36. Kh2 Rd8 (36... h4 $142 37. Bc7 Qc4) 37. Re5 h4 38. Qf5+ Kg7 39. Bf4 {[%emt 0:00:46] [#] White wants to mate with Qg4+.} Qc4 40. Qg4+ {[%emt 0:01:38] White mates.} Kf7 41. Qh5+ Kg7 42. Bh6+ {[%emt 0:01:45] Weighted Error Value: White=0.50/Black=0.68} 1-0

[Event "DFMM-LV 2023"]
[Site "Braunfels"]
[Date "2023.06.09"]
[Round "2.14"]
[White "Heil, Marina"]
[Black "Leib, Britta"]
[Result "1/2-1/2"]
[Annotator "TA"]
[ECO "B12"]
[WhiteElo "1866"]
[BlackElo "1960"]
[PlyCount "29"]
[EventDate "2023.06.09"]
[EventType "team-tourn"]
[EventCountry "GER"]
[SourceTitle "playchess.com"]
[Source "ChessBase"]
[SourceQuality "1"]
[TimeControl "40/5400+30:1800+30"]

1. e4 c6 2. d4 d5 3. e5 Bf5 4. Nf3 e6 5. Nc3 c5 6. Bg5 {[%emt 0:04:38] B12: Caro-Kann: Advance Variation.} Qa5 7. Bb5+ Nc6 8. O-O {[%emt 0:06:10] The position is equal.} a6 ({Black should play} 8... Bg4 $11) 9. Bxc6+ $14 bxc6 {[%emt 0:00:03] [#]} 10. a3 $146 ({Predecessor:} 10. Bd2 Qc7 11. Rc1 Bg4 12. Na4 cxd4 13. Qe1 Bxf3 14. Ba5 Qb7 15. gxf3 Qb5 16. b3 {1-0 Stumpf,A (1831)-Banfelder,H (1574) Regionalliga NW 1213 2012 (3.8)}) 10... c4 11. Nh4 {[%emt 0:01:33] With the idea Nxf5.} Bg6 12. Bd2 (12. f4 $5 ) 12... Be7 13. Nxg6 hxg6 14. b4 Qd8 15. f4 {[%emt 0:04:05] Weighted Error Value: White=0.11 (very precise) /Black=0.20 (precise)} 1/2-1/2

[Event "DFMM-LV 2023"]
[Site "Braunfels"]
[Date "2023.06.09"]
[Round "2.15"]
[White "Rosmait, Emily"]
[Black "Roesler, Hannah Clara"]
[Result "1-0"]
[Annotator "NA RC COMBH"]
[ECO "B26"]
[WhiteElo "1862"]
[BlackElo "1748"]
[PlyCount "153"]
[EventDate "2023.06.09"]
[EventType "team-tourn"]
[EventCountry "GER"]
[SourceTitle "playchess.com"]
[Source "ChessBase"]
[SourceQuality "1"]
[TimeControl "40/5400+30:1800+30"]

1. e4 c5 2. Nc3 Nc6 3. g3 g6 4. Bg2 Bg7 5. Nge2 Nf6 6. d3 d6 7. h3 O-O 8. Be3 {[%emt 0:01:41] The main line 8.Be3 scores better than 8.0-0.} Qb6 9. Rb1 {[%emt 0:03:15] [#]} Nd7 $146 ({Predecessor:} 9... Be6 10. O-O Ne5 11. f4 Ned7 12. Qd2 Rac8 13. Kh2 Qd8 14. f5 Bxa2 15. Nxa2 Ne5 16. Nac3 {1-0 Matura,M (1618)-Prabhu,A US Collegiate Rapid 2021 (1.177)}) 10. O-O a5 11. a4 Nd4 12. Nd5 Qd8 13. c3 Nxe2+ 14. Qxe2 e6 15. Nf4 Nf6 16. Qc2 Bd7 17. Ne2 Rc8 18. c4 Ne8 19. b3 Qe7 20. Qd2 b6 21. d4 Nc7 22. d5 exd5 23. exd5 Rfe8 24. Rbe1 Na6 25. Nc3 Qf8 26. Bf4 f5 27. Nb5 Bxb5 28. axb5 Nb4 29. Re6 Rxe6 30. dxe6 Be5 31. Bxe5 dxe5 32. Bd5 Kg7 33. Qc3 Qf6 34. Re1 e4 35. Qxf6+ Kxf6 36. Re2 Rd8 37. Rd2 Ke5 38. Kf1 g5 39. Bxe4 Re8 40. Bd5 f4 41. Kg2 fxg3 42. fxg3 Re7 (42... Nxd5 $16 43. cxd5 (43. Rxd5+ Kf6 $11) 43... h5) 43. Kf3 Kf5 44. Ke3 Ke5 45. Kf3 Kf5 46. g4+ (46. Re2 $18 {and White stays clearly on top.}) 46... Ke5 47. Ke3 (47. h4 $18) 47... h6 ({Better is} 47... Re8 $16) 48. Kf3 Re8 $1 49. Re2+ $11 (49. h4 $16) 49... Kd4 50. Re4+ Kc3 51. Re3+ Kd4 52. Re4+ Kc3 53. e7 Kxb3 54. Bf7 Rxe7 55. Rxe7 a4 56. Ra7 a3 57. Ke4 Nc2 58. Kf5 a2 59. Rxa2 Kxa2 60. Kg6 Ne3 61. Kxh6 Kb3 62. Kxg5 Nxc4 63. h4 Kb4 64. Bxc4 Kxc4 65. h5 Kxb5 66. h6 c4 67. h7 c3 68. h8=Q Kc4 69. Qg8+ Kb4 70. Qf8+ Kc4 71. Qf7+ Kb4 72. Qe7+ Kc4 73. Qe6+ Kc5 74. Qb3 Kd4 75. Qxb6+ Kd3 76. Qb1+ c2 77. Qc1 1-0

[Event "DFMM-LV 2023"]
[Site "Braunfels"]
[Date "2023.06.09"]
[Round "2.16"]
[White "Sokyrko, Sofiia"]
[Black "Freter, Anke"]
[Result "0-1"]
[Annotator "NA RC COMBH"]
[ECO "B21"]
[WhiteElo "1503"]
[BlackElo "1855"]
[PlyCount "96"]
[EventDate "2023.06.09"]
[EventType "team-tourn"]
[EventCountry "GER"]
[SourceTitle "playchess.com"]
[Source "ChessBase"]
[SourceQuality "1"]
[TimeControl "40/5400+30:1800+30"]

1. e4 c5 2. d4 cxd4 3. c3 dxc3 4. Nxc3 Nc6 5. Bc4 e6 6. Nf3 d6 7. O-O a6 8. Qe2 Be7 9. Be3 b5 10. Bb3 Bd7 11. Rfd1 Rc8 12. Rac1 Nf6 13. Nd2 O-O 14. f4 Qc7 15. Nf3 Qb8 16. Bf2 Na5 17. Bc2 Ng4 18. Bg3 Qb6+ 19. Kh1 Qe3 20. Qf1 Qb6 21. e5 d5 22. Qd3 g6 23. Rf1 Nc4 24. Nd1 Bc5 25. Re1 Rc7 26. h3 Nge3 27. Nxe3 Bxe3 28. Rb1 d4 29. h4 Bc6 30. Bd1 Qb7 31. Qf1 Be4 32. Ra1 Nxb2 33. Ng5 Nxd1 34. Nxe4 Qxe4 35. Raxd1 Rc2 36. Re2 Rfc8 37. Rde1 Rxe2 38. Qxe2 Rc2 39. Qf1 Rxa2 40. Re2 Qd3 41. Re1 Qxf1+ 42. Rxf1 Rc2 43. Ra1 Rc1+ 44. Rxc1 Bxc1 45. Kg1 d3 46. Kf2 Bd2 47. Kf1 b4 48. Be1 Bc3 0-1

[Event "DFMM-LV 2023"]
[Site "Braunfels"]
[Date "2023.06.09"]
[Round "2.17"]
[White "Rieseler, Caroline"]
[Black "Rogule, Laura"]
[Result "0-1"]
[Annotator "TA"]
[ECO "B90"]
[WhiteElo "2126"]
[BlackElo "2218"]
[PlyCount "180"]
[EventDate "2023.06.09"]
[EventType "team-tourn"]
[EventCountry "GER"]
[SourceTitle "playchess.com"]
[Source "ChessBase"]
[SourceQuality "1"]
[TimeControl "40/5400+30:1800+30"]

1. e4 c5 2. Nf3 d6 3. d4 cxd4 4. Nxd4 Nf6 5. Nc3 a6 6. Be3 e5 7. Nf3 Be7 8. Bc4 O-O 9. O-O Nbd7 {[%emt 0:06:51] 9...Nc6 is the modern continuation. B90: Sicilian Najdorf: Unusual White 6th moves, 6 Be3 Ng4 and 6 Be3 e5.} 10. Qe2 (10. a4 $14) 10... b5 $11 11. Bd5 Nxd5 {[%emt 0:02:42] The position is equal.} 12. Nxd5 Bb7 13. Rfd1 Rc8 ({Better is} 13... Bxd5 14. Rxd5 Qc7) 14. a4 {[%emt 0:06:20] [#]} Bxd5 $146 ({Predecessor:} 14... b4 15. a5 Bxd5 16. Rxd5 Qc7 17. Ne1 Qc4 18. Qxc4 Rxc4 19. f3 f5 20. exf5 Rxf5 {0-1 Hooker,D-Hove,J (2240) USA Masters Cup 1996}) 15. Rxd5 Nf6 16. Rdd1 Nxe4 (16... Qa5 $11) 17. axb5 $14 axb5 18. Nxe5 Bf6 19. Nd3 Re8 20. f3 (20. c3 $14) 20... Ng3 $11 21. hxg3 (21. Qd2 {simplifies} Nf5 22. Bf2 Nd4 23. Nb4) 21... Bd4 22. Ne5 Bxe5 23. Qf2 Bxb2 24. Rab1 Qf6 25. Bf4 ({Much weaker is} 25. c4 bxc4 26. Qxb2 Rxe3 27. Qxf6 gxf6 28. Rxd6 c3 $17) (25. Rd5 $15) 25... Ba3 $1 $36 {[%emt 0:00:55][%mdl 2048] Keeping White busy. Black is more active.} 26. Qd2 (26. Rd3 $17 {was called for.} Bc5 27. Be3) 26... Qg6 $1 $19 27. g4 Rxc2 28. Qd3 Bc5+ 29. Kh1 Qxd3 30. Rxd3 b4 31. Bxd6 Rd8 32. Rbd1 {[%emt 0:00:40] [#]} h5 $2 33. Bxc5 $2 (33. gxh5 $15 Rc3 34. Rd5) 33... Rxd3 34. Rxd3 Rxc5 $15 {[%emt 0:00:06][%mdl 4096] Endgame KR-KR} 35. Rd8+ Kh7 {[%emt 0:00:04] ...hxg4 is the strong threat.} 36. Rb8 hxg4 37. Rxb4 $2 (37. fxg4 Rc4 38. Rb7) 37... g3 $1 $19 38. Rb1 {[%emt 0:00:05] Wards off Rc1+} Kg6 39. Kg1 Kg5 40. Kf1 f5 {[%emt 0:01:02] White must now prevent ...Rc2.} 41. Ra1 (41. Rb2 $142 Ra5 42. Ke1) 41... Kf4 {[%emt 0:30:51] And now ...Ke3 would win.} 42. Re1 Rc3 43. Kg1 Re3 44. Ra1 Ke5 $2 (44... Rb3 {aiming for ...Ke3.} 45. Re1 Rb2) 45. Kf1 Rc3 46. Rd1 $2 (46. Ra2) 46... Rc2 {[%emt 0:00:00] ...Rf2+ would be deadly.} 47. Kg1 Rf2 48. Kh1 (48. Rd3 $142 Ra2 49. Rd1) 48... Re2 49. Kg1 Kf4 50. Kf1 Ke3 51. Rd7 Rf2+ 52. Kg1 Rc2 $2 (52... g5 53. Re7+ Kd2) 53. Re7+ Kd4 $2 (53... Kf4 $1 $17 {( -> ...Rc1+)} 54. Re1 Kg5) 54. Rd7+ $1 $11 Ke5 55. Re7+ $2 {[%emt 0:00:00][%mdl 8192] White is now going downhill.} (55. Rd1 $11) 55... Kd6 $19 56. Re1 {[%emt 0:00:00] Dodges Rc1} g6 57. Kf1 Rf2+ 58. Kg1 Rd2 {[%emt 0:00:08] Threatens to win with ...f4.} 59. Kf1 Kd5 60. Ra1 Kd4 {[%emt 0:01:52] Strongly threatening ...g5.} 61. Ra4+ {[%emt 0:03:45] [#]} Ke3 $1 62. Ra3+ {[%emt 0:01:22] [#]} Rd3 $1 63. Ra1 g5 64. Rb1 Rd2 65. Ra1 Kd3 (65... Rf2+ $142 66. Kg1 Rc2 67. Kf1 Kd2 68. Re1 Rc1 69. Rxc1 Kxc1 70. Ke2 Kc2 71. Ke1 Kd3 72. Kd1 f4 73. Ke1 Ke3 74. Kf1 Kd2 75. Kg1 Ke2 76. Kh1 g4 77. Kg1 gxf3 78. gxf3 Kxf3 79. Kh1 Ke3 80. Kg2 f3+ 81. Kxg3 f2 82. Kg2 Ke2 83. Kh3 f1=Q+ 84. Kg4 Qf6 85. Kh5 Qg7 86. Kh4 Ke3 87. Kh5 Kf4 88. Kh4 Qh8#) 66. Ra3+ Kc4 67. Ra1 Rf2+ 68. Kg1 Rb2 69. Kf1 f4 70. Rd1 Kc3 (70... Ra2 $142 71. Kg1 Kc3 72. Re1 Kd3 73. Kf1 Rf2+ 74. Kg1 Re2 75. Rb1 Rc2 76. Re1 Kd2 77. Kf1 Rc1 78. Rxc1 Kxc1 79. Ke1 Kc2 80. Ke2 Kc3 81. Kd1 Kd3 82. Ke1 Ke3 83. Kd1 g4 84. Ke1 gxf3 85. Kf1 fxg2+ 86. Kg1 Ke4 87. Kxg2 Ke3 88. Kh3 f3 89. Kxg3 f2 90. Kg2 Ke2 91. Kh3 f1=Q+ 92. Kg4 Qf6 93. Kh5 Qg7 94. Kh4 Ke3 95. Kh3 Kf3 96. Kh4 Qh6#) 71. Re1 Rf2+ 72. Kg1 Rd2 73. Kf1 Kc2 (73... Rc2 $142 74. Re5 Rc1+ 75. Ke2 Rg1) 74. Re5 Kd3 75. Rd5+ Ke3 76. Re5+ Kd4 77. Re1 Rf2+ 78. Kg1 Kd3 (78... Ra2 $142 79. Kf1 Rf2+ 80. Kg1 Rc2 81. Kf1 Rf2+) 79. Ra1 Rc2 80. Kf1 Kd2 81. Rb1 Rc1+ 82. Rxc1 Kxc1 $15 {[%emt 0:00:02] K3P-KPP. Black mates.} 83. Ke1 Kc2 84. Ke2 Kc3 85. Ke1 Kd3 86. Kf1 Kd2 87. Kg1 Ke2 88. Kh1 {[%emt 0:00:09] [#]} g4 $1 {[%emt 0:00:15][%mdl 576] Promotion} 89. fxg4 (89. Kg1 gxf3) 89... f3 90. gxf3 Kf2 {[%emt 0:00:06] Weighted Error Value: White=0.70/Black=0.64} ({Stronger than} 90... Kxf3 91. Kg1 Kxg4 92. Kg2 $11) 0-1

[Event "DFMM-LV 2023"]
[Site "Braunfels"]
[Date "2023.06.09"]
[Round "2.18"]
[White "Otikova, Elina"]
[Black "Barpiyeva, Gulsana"]
[Result "1-0"]
[Annotator "TA"]
[ECO "B43"]
[WhiteElo "2047"]
[BlackElo "2023"]
[PlyCount "67"]
[EventDate "2023.06.09"]
[EventType "team-tourn"]
[EventCountry "GER"]
[SourceTitle "playchess.com"]
[Source "ChessBase"]
[SourceQuality "1"]
[TimeControl "40/5400+30:1800+30"]

1. e4 c5 2. Nf3 e6 3. d4 cxd4 4. Nxd4 a6 5. Nc3 Qc7 6. Bd3 Nf6 7. O-O Bc5 8. Be3 d6 9. Qe2 {[%emt 0:04:33] B43: Sicilian: Kan Variation: 5 Nc3.} O-O 10. a4 b6 (10... e5 $5 11. Nf3 Be6 $11) 11. f4 {[%emt 0:08:16] The position is equal.} Nbd7 12. Kh1 Bb7 13. Rae1 {[%emt 0:00:50] [#]} Bb4 $146 ({Predecessor:} 13... Rfe8 14. Bg1 e5 15. fxe5 Rxe5 16. Qf3 Nf8 17. Nf5 Bxg1 18. Kxg1 Qc5+ 19. Kh1 Re6 {0-1 Kovalev,V (2453)-Gorovets,A (2428) BLR-ch 78th Minsk 2012 (6)}) 14. Bd2 Nc5 15. e5 Nxd3 16. Qxd3 Bxc3 17. Bxc3 ({Of course not} 17. Qxc3 Qxc3 18. Bxc3 dxe5 19. fxe5 Ne4 $15) 17... Nd5 18. Bd2 Ne7 19. Bb4 dxe5 20. fxe5 Rfd8 21. Bd6 Qd7 22. Rd1 Ng6 {[%emt 0:01:55] Black is weak on the dark squares} 23. Qb3 Nh4 ({Black should play} 23... b5 $1 $11) 24. Rd2 $36 {[%emt 0:00:36][%mdl 2048] White has good play.} (24. Qxb6 $2 {loses.} Bxg2+ 25. Kg1 Bxf1 26. Rxf1 Qxa4 $19) 24... Rdc8 (24... Nf5 $14) 25. Qg3 $16 Ng6 26. b3 ({White should try} 26. Rdf2) 26... Rd8 27. h4 {[%emt 0:02:17][%cal Bh2h4,Bh4h5][%mdl 32] Strongly threatening h5. White is much more active.} Rac8 $2 (27... f5 $16 {was worth a try.}) 28. c4 $2 (28. h5 $18) 28... f6 $2 {[%emt 0:00:58][%mdl 8192] [#]} 29. h5 $1 $18 Nxe5 30. Bxe5 fxe5 {[%emt 0:00:03] [#]} 31. Nf5 {[%emt 0:00:58][%mdl 576] Discovered Attack} Qc7 {[%emt 0:01:24][%cal Oe6f5] Threatens to win with ...exf5!} (31... exf5 32. Rxd7) 32. Nh6+ Kh8 33. Rf7 Bxg2+ 34. Qxg2 {[%emt 0:00:31] Weighted Error Value: White=0.18 (very precise) /Black=0.58} 1-0